 Dungeon Crawl Stone Soup version 0.28.0-43-g3370ac3207 (webtiles) character file.

Game seed: 17751541761641846294

25 Saba the Bolt Thrower (level 3, 0/22 HPs)
             Began as a Gargoyle Hunter on Apr 2, 2022.
             Slain by Sigmund
             ... wielding a +0 scythe
              (9 damage)
             ... on level 2 of the Dungeon.
             The game lasted 00:01:34 (1228 turns).

Saba the Bolt Thrower (Gargoyle Hunter)             Turns: 1228, Time: 00:01:34

Health: 0/22       AC:  8    Str: 17    XL:     3   Next: 4%
Magic:  3/3        EV: 11    Int: 11    God:
Gold:   33         SH:  0    Dex: 10    Spells: 2/2 levels left

rFire   . . .      SeeInvis .   a - +1 hand crossbow
rCold   . . .      Faith    .   (no shield)
rNeg    + . .      Spirit   .   e - +0 ring mail
rPois   ∞          Reflect  .   (no helmet)
rElec   +          Harm     .   (no cloak)
rCorr   .          Rampage  .   (no gloves)
Will    .....                   (no boots)
Stlth   ..........              (no amulet)
HPRegen 0.07/turn               (no ring)
MPRegen 0.08/turn               (no ring)

@: confused
A: sickness immunity, AC +3, negative energy resistance 1, electricity
resistance, torment resistance 1, petrification resistance
a: no special abilities


You were on level 2 of the Dungeon.
You visited 1 branch of the dungeon, and saw 2 of its levels.

You collected 33 gold pieces.

Inventory:

Hand Weapons
 a - a +1 hand crossbow (weapon)
 b - a +0 short sword
Missiles
 d - 18 bolts (quivered ammo)
Armour
 e - a +0 ring mail (worn)
Scrolls
 f - a scroll of immolation {unknown}
 h - a scroll of identify {unknown}
 i - a scroll of fear {unknown}
Potions
 c - a potion of curing {unknown}
 g - 2 potions of haste {unknown}


   Skills:
 + Level 2.6 Fighting
 + Level 4.2 Crossbows
 + Level 1.2 Armour
 + Level 1.9 Dodging
 - Level 1.1 Stealth


You had 2 spell levels left.
You didn't know any spells.
Your spell library contained the following spells:

 Spells                   Type           Power      Damage    Failure   Level
 Gell's Gravitas          Tloc           0%         N/A       89%         3
 Teleport Other           Tloc           0%         N/A       89%         3
 Dispersal                Tloc           0%         N/A       100%        6


Dungeon Overview and Level Annotations

Branches:
Dungeon (2/15)

Altars:

Annotations:
D:2 Sigmund


Innate Abilities, Weirdness & Mutations

You are immune to sickness and miasma.
Your stone body is resilient. (AC +3)
You are immune to poison.
You resist negative energy. (rN+)
You are resistant to electric shocks. (rElec)
You are resistant to unholy torment.
You are immune to petrification.


Message History

Sigmund is nearby!
You hit Sigmund.
Sigmund is lightly wounded.
You barely miss Sigmund.
Sigmund is lightly wounded.
Sigmund barely misses you.
Sigmund is nearby!
You hit Sigmund but do no damage.
Sigmund is lightly wounded.
Sigmund gestures at you while chanting.
You are confused.
You are too confused!
You are too confused!
You are too confused!
You bump into the rock wall.
Sigmund misses you.
a - a +1 hand crossbow (weapon)
Non-targeted confused fire: 20 bolts
Press: ? - help, Q - select action Dir - look around, f - activate You shoot a bolt.
Sigmund hits you with a +0 scythe.
Unknown command.
Non-targeted confused fire: 19 bolts
Press: ? - help, Q - select action Dir - look around, f - activate Look: Sigmund, wielding a +0 scythe and wearing a +0 robe (lightly wounded)
You shoot a bolt. Sigmund hits you with a +0 scythe.
You're too confused to move!
Sigmund barely misses you.
You bump into the rock wall.
You feel less confused. Sigmund completely misses you.
Sigmund gestures wildly while chanting.
Sigmund flickers and vanishes!
Deactivating autopickup; reactivate with Ctrl-A.
Something hits you.
You are confused.
A puff of flame appears from out of thin air!
The puff of flame misses you.
You bump into the rock wall.
You bump into the rock wall.
Something hits you!
You die...

#########
.....^.##...... ##.
#....>..+...... #...
#@###..# .....
#..##+#....(.##...###
#............#......#
#>...........+......+
#............#......#
#......†.....(......#
#......#...###......#
#......#...# ......#
####..#####...#
......#


There were no monsters in sight!

Vanquished Creatures
  A dart slug (D:1)
  An endoplasm (D:1)
  2 giant cockroaches (D:1)
  3 hobgoblins
  2 quokkas (D:1)
  3 bats (D:1)
  3 frilled lizards (D:1)
  3 kobolds (D:1)
  4 rats (D:1)
22 creatures vanquished.

Notes
Turn   | Place    | Note
-------+----------+-------------------------------------------
     0 | D:1      | Saba the Gargoyle Hunter began the quest for the Orb.
     0 | D:1      | Reached XP level 1. HP: 12/12 MP: 1/1
   196 | D:1      | Reached XP level 2. HP: 18/18 MP: 2/2
   387 | D:1      | Reached skill level 1 in Armour
   997 | D:1      | Reached XP level 3. HP: 21/22 MP: 3/3
  1204 | D:2      | Noticed Sigmund
  1228 | D:2      | Slain by Sigmund

Illustrated notes

Levels and vault maps discovered:
D:1:      scummos_arrival_star, layout_loops_ring, minmay_misc_feat_pillars,
          serial_bayou_pond_b, hangedman_decor_points
D:2:      layout_basic, serial_shops, nicolae_diamond_shop, uniq_sigmund

Skill      XL: |  1  2 |
---------------+-------+-----
Armour         | 1 |  1.2
Fighting       | |  2.6
Crossbows      | |  4.2
Dodging        | |  1.9
Stealth        | |  1.1

Action                   || total
-------------------------++-------
Melee: Short sword       ||   125
       Punch             ||     1
 Fire: Hand crossbow     ||     2
Armor: Ring mail         ||    78
       Leather armour    ||     3
Dodge: Dodged            ||    93
